General information
- name: BNet
- type: Ladder team game (AT/RT)
- host: Battle.net
- saver: Bernsteinhexe
map: LastManStanding
- players: 8
- length: 43:53
- speed: Fast
- version: 1.26 W3XP
- replay type: Public
» download(283 KB)
Players
team 1 (loser)
IjerktoRED (
orange | 96 APM | 2485 actions | 25:54)
5 Warden
3 Shadow Strike
2 Blink
4 Keeper of the Grove
2 Entangling Roots
2 Thorns Aura
» actions
| Assign group hotkey | 71 | |
| Basic commands | 47 | |
| Build / train | 116 | |
| Enter build submenu | 25 | |
| Enter hero's abilities submenu | 9 | |
| Give item / drop item | 1 | |
| Right click | 1463 | |
| Select / deselect | 402 | |
| Select group hotkey | 219 | |
| Use ability | 132 | |
2485 total
» units
| Wisp | 26 | |
| Archer | 29 | |
| Hippogryph | 10 | |
| Goblin Zeppelin | 4 | |
| Spirit Walker | 1 | |
| Tauren | 5 | |
| Bronze Dragon | 2 | |
77 total
» upgrades
| Hippogryph Taming | 1 | |
| Improved Bows | 1 | |
| Druid of the Talon Training | 1 | |
| Strength of the Moon | 2 | |
| Moon Armor | 2 | |
| Witch Doctor Training | 1 | |
| Shaman Training | 1 | |
| Nature's Blessing | 1 | |
10 total
» buildings
| Moon Well | 8 | |
| Altar of Elders | 2 | |
| Ancient of War | 2 | |
| Ancient of Wonders | 1 | |
| Tree of Ages | 1 | |
| Tree of Life | 3 | |
| Hunter's Hall | 1 | |
| Ancient of Wind | 3 | |
| Tree of Eternity | 2 | |
23 total
» build order
00:11 Moon Well
00:12 Altar of Elders
00:14 Altar of Elders
01:15 Ancient of War
01:40 Moon Well
01:58 Ancient of War
02:20 Ancient of Wonders
02:39 Moon Well
04:26 Tree of Ages
05:11 Tree of Life
05:35 Moon Well
05:49 Hunter's Hall
06:52 Ancient of Wind
06:53 Ancient of Wind
08:32 Moon Well
08:47 Ancient of Wind
09:41 Moon Well
15:28 Tree of Life
16:18 Tree of Life
18:16 Moon Well
18:19 Moon Well
20:33 Tree of Eternity
» items
| Healing Salve | 2 | |
| Lesser Clarity Potion | 2 | |
| Scroll of Town Portal | 1 | |
5 total
sephcole (
teal | 35 APM | 765 actions | 21:41)
4 Blademaster
2 Wind Walk
2 Critical Strike
3 Tauren Chieftain
2 Endurance Aura
1 Shockwave
» actions
| Assign group hotkey | 11 | |
| Basic commands | 102 | |
| Build / train | 46 | |
| ESC pressed | 6 | |
| Enter build submenu | 11 | |
| Enter hero's abilities submenu | 7 | |
| Right click | 241 | |
| Select / deselect | 116 | |
| Select group hotkey | 169 | |
| Use ability | 56 | |
765 total
» units
| Peon | 11 | |
| Tauren | 4 | |
| Spirit Walker | 3 | |
18 total
» upgrades
| Melee Weapons | 4 | |
| Armor | 3 | |
| Ranged Weapons | 1 | |
| Spirit Walker Training | 2 | |
| Pulverize | 1 | |
11 total
» buildings
| Orc Burrow | 6 | |
| Altar of Storms | 1 | |
| War Mill | 1 | |
| Voodoo Lounge | 1 | |
| Stronghold | 2 | |
| Fortress | 1 | |
| Spirit Lodge | 1 | |
| Tauren Totem | 2 | |
| Watch Tower | 1 | |
16 total
» build order
00:29 Orc Burrow
00:45 Altar of Storms
01:40 War Mill
02:28 Voodoo Lounge
02:35 Orc Burrow
02:49 Stronghold
02:50 Stronghold
05:22 Fortress
05:27 Spirit Lodge
07:57 Tauren Totem
08:03 Tauren Totem
08:11 Orc Burrow
08:13 Orc Burrow
08:14 Orc Burrow
08:16 Orc Burrow
17:22 Watch Tower
» items
| Orb of Lightning | 2 | |
| Healing Salve | 1 | |
3 total
kiss_3Q (
pink | 39 APM | 949 actions | 24:33)
3 Blademaster
2 Wind Walk
1 Critical Strike
3 Shadow Hunter
2 Hex
1 Healing Wave
» actions
| Assign group hotkey | 94 | |
| Basic commands | 58 | |
| Build / train | 55 | |
| Enter build submenu | 24 | |
| Enter hero's abilities submenu | 6 | |
| Remove unit from queue | 1 | |
| Right click | 377 | |
| Select / deselect | 196 | |
| Select group hotkey | 82 | |
| Use ability | 56 | |
949 total
» units
| Peon | 15 | |
| Goblin Shredder | 1 | |
| Tauren | 2 | |
| Shaman | 7 | |
| Troll Witch Doctor | 3 | |
| Spirit Walker | 2 | |
30 total
» upgrades
| Armor | 2 | |
| Melee Weapons | 2 | |
| Shaman Training | 2 | |
| Witch Doctor Training | 2 | |
| Reinforced Defenses | 1 | |
| Pulverize | 1 | |
| Spirit Walker Training | 2 | |
| Envenomed Spears | 1 | |
13 total
» buildings
| Altar of Storms | 1 | |
| Orc Burrow | 10 | |
| Voodoo Lounge | 1 | |
| War Mill | 1 | |
| Stronghold | 1 | |
| Fortress | 1 | |
| Spirit Lodge | 2 | |
| Great Hall | 2 | |
| Tauren Totem | 2 | |
| Watch Tower | 9 | |
| Beastiary | 3 | |
33 total
» build order
00:26 Altar of Storms
00:30 Orc Burrow
01:07 Voodoo Lounge
01:30 War Mill
02:57 Stronghold
03:06 Orc Burrow
03:53 Orc Burrow
05:51 Fortress
05:56 Spirit Lodge
05:59 Spirit Lodge
08:31 Great Hall
09:31 Tauren Totem
10:50 Tauren Totem
11:13 Watch Tower
11:14 Watch Tower
11:15 Watch Tower
11:15 Watch Tower
11:16 Watch Tower
11:17 Watch Tower
11:18 Watch Tower
11:19 Watch Tower
11:20 Watch Tower
12:20 Orc Burrow
12:21 Orc Burrow
13:30 Beastiary
13:31 Beastiary
13:45 Orc Burrow
13:46 Orc Burrow
13:47 Orc Burrow
16:00 Great Hall
17:41 Beastiary
18:07 Orc Burrow
19:20 Orc Burrow
» items
ForYourLove (
purple | 63 APM | 2766 actions | 43:52)
10 Blademaster
3 Wind Walk
3 Critical Strike
1 Bladestorm
3 Mirror Image
» actions
| Assign group hotkey | 144 | |
| Basic commands | 35 | |
| Build / train | 91 | |
| Enter build submenu | 62 | |
| Enter hero's abilities submenu | 10 | |
| Give item / drop item | 4 | |
| Right click | 1060 | |
| Select / deselect | 409 | |
| Select group hotkey | 763 | |
| Use ability | 188 | |
2766 total
» units
| Peon | 24 | |
| Grunt | 3 | |
| Goblin Shredder | 2 | |
| Troll Batrider | 11 | |
| Goblin Zeppelin | 2 | |
| Wind Rider | 3 | |
| Bronze Dragon | 4 | |
49 total
» upgrades
| Armor | 3 | |
| Reinforced Defenses | 1 | |
| Ranged Weapons | 3 | |
| Liquid Fire | 1 | |
| Spiked Barricades | 1 | |
| Troll Regeneration | 1 | |
| Envenomed Spears | 1 | |
11 total
» buildings
| Orc Burrow | 8 | |
| Altar of Storms | 1 | |
| Barracks | 1 | |
| Voodoo Lounge | 3 | |
| Stronghold | 1 | |
| Great Hall | 4 | |
| War Mill | 1 | |
| Beastiary | 5 | |
| Watch Tower | 59 | |
| Fortress | 1 | |
84 total
» build order
00:20 Orc Burrow
00:54 Altar of Storms
00:57 Barracks
01:11 Orc Burrow
02:06 Voodoo Lounge
02:52 Stronghold
03:25 Orc Burrow
04:24 Great Hall
04:43 War Mill
05:38 Beastiary
05:40 Beastiary
05:41 Beastiary
06:33 Voodoo Lounge
06:38 Watch Tower
07:26 Orc Burrow
07:28 Watch Tower
07:34 Orc Burrow
09:06 Watch Tower
09:07 Watch Tower
09:07 Watch Tower
09:07 Watch Tower
09:08 Watch Tower
09:09 Watch Tower
09:11 Fortress
11:32 Beastiary
11:34 Beastiary
11:50 Watch Tower
11:50 Watch Tower
11:51 Watch Tower
11:53 Watch Tower
11:54 Watch Tower
11:55 Watch Tower
11:56 Watch Tower
13:37 Orc Burrow
13:39 Orc Burrow
15:39 Watch Tower
15:40 Watch Tower
15:42 Great Hall
15:52 Watch Tower
15:52 Watch Tower
15:53 Watch Tower
15:53 Watch Tower
15:53 Watch Tower
15:56 Watch Tower
15:56 Watch Tower
15:56 Watch Tower
15:57 Watch Tower
16:29 Watch Tower
16:30 Watch Tower
16:32 Watch Tower
16:32 Watch Tower
16:34 Watch Tower
16:36 Watch Tower
16:36 Watch Tower
16:37 Watch Tower
17:46 Watch Tower
17:47 Watch Tower
17:48 Watch Tower
17:50 Watch Tower
17:51 Watch Tower
18:00 Watch Tower
18:25 Watch Tower
18:27 Watch Tower
18:27 Watch Tower
18:29 Watch Tower
18:30 Watch Tower
18:32 Watch Tower
18:44 Watch Tower
18:45 Watch Tower
18:46 Watch Tower
18:47 Watch Tower
20:18 Voodoo Lounge
25:53 Watch Tower
25:54 Watch Tower
25:54 Watch Tower
25:54 Watch Tower
25:55 Watch Tower
25:57 Watch Tower
25:57 Watch Tower
31:12 Great Hall
36:00 Orc Burrow
41:27 Great Hall
» items
| Healing Salve | 4 | |
| Potion of Mana | 4 | |
| Lesser Clarity Potion | 3 | |
| Scroll of Town Portal | 3 | |
| Orb of Lightning | 1 | |
| Potion of Healing | 3 | |
18 total
team 2 (winner)
auggist (
yellow | 65 APM | 1946 actions | 29:44)
5 Archmage
2 Summon Water Elemental
3 Brilliance Aura
5 Paladin
3 Holy Light
2 Divine Shield
4 Mountain King
2 Storm Bolt
2 Bash
» actions
| Assign group hotkey | 27 | |
| Build / train | 128 | |
| Enter build submenu | 23 | |
| Enter hero's abilities submenu | 14 | |
| Give item / drop item | 8 | |
| Remove unit from queue | 6 | |
| Right click | 1076 | |
| Select / deselect | 463 | |
| Select group hotkey | 59 | |
| Use ability | 142 | |
1946 total
» units
| Peasant | 13 | |
| Dragonhawk Rider | 8 | |
| Gryphon Rider | 24 | |
45 total
» upgrades
| Lumber Harvesting | 1 | |
| Armor | 3 | |
| Swords | 3 | |
| Storm Hammers | 1 | |
| Cloud | 1 | |
9 total
» buildings
| Farm | 12 | |
| Altar of Kings | 1 | |
| Lumber Mill | 1 | |
| Scout Tower | 2 | |
| Arcane Vault | 1 | |
| Keep | 2 | |
| Blacksmith | 1 | |
| Castle | 2 | |
| Gryphon Aviary | 2 | |
| Arcane Tower | 2 | |
| Town Hall | 2 | |
28 total
» build order
01:00 Farm
01:08 Altar of Kings
01:39 Farm
02:23 Lumber Mill
02:34 Scout Tower
02:44 Arcane Vault
02:45 Keep
02:46 Keep
03:06 Blacksmith
04:07 Farm
05:13 Castle
05:18 Farm
05:44 Scout Tower
06:05 Gryphon Aviary
06:07 Gryphon Aviary
06:14 Arcane Tower
06:14 Arcane Tower
06:28 Farm
06:45 Farm
07:55 Farm
09:05 Farm
09:52 Farm
10:41 Farm
13:36 Town Hall
24:13 Town Hall
26:09 Farm
26:10 Farm
» items
| Potion of Healing | 5 | |
| Scroll of Regeneration | 2 | |
| Staff of Sanctuary | 1 | |
| Scroll of Town Portal | 1 | |
| Orb of Fire | 1 | |
10 total

»
thecolorofpoop (
green | 58 APM | 1926 actions | 33:08)
5 Tauren Chieftain
2 Shockwave
3 Endurance Aura
6 Shadow Hunter
2 Hex
3 Healing Wave
1 Big Bad Voodoo
» actions
| Basic commands | 69 | |
| Build / train | 120 | |
| Enter build submenu | 29 | |
| Enter hero's abilities submenu | 11 | |
| Give item / drop item | 3 | |
| Remove unit from queue | 1 | |
| Right click | 987 | |
| Select / deselect | 620 | |
| Use ability | 84 | |
1926 total
» units
| Peon | 16 | |
| Troll Headhunter/Berserker | 28 | |
| Shaman | 10 | |
| Troll Witch Doctor | 7 | |
| Kodo Beast | 2 | |
63 total
» upgrades
| Ranged Weapons | 3 | |
| Armor | 3 | |
| Shaman Training | 2 | |
| Witch Doctor Training | 2 | |
| Berserker Upgrade | 1 | |
| Troll Regeneration | 1 | |
| Reinforced Defenses | 1 | |
| War Drums Damage Increase | 1 | |
| Spiked Barricades | 2 | |
| Pillage | 1 | |
| Backpack | 1 | |
| Melee Weapons | 2 | |
| Spirit Walker Training | 2 | |
| Berserker Strength | 1 | |
| Burning Oil | 1 | |
| Liquid Fire | 1 | |
| Envenomed Spears | 1 | |
| Ensnare | 1 | |
27 total
» buildings
| Altar of Storms | 3 | |
| Orc Burrow | 8 | |
| War Mill | 3 | |
| Barracks | 2 | |
| Voodoo Lounge | 1 | |
| Stronghold | 1 | |
| Great Hall | 1 | |
| Fortress | 1 | |
| Spirit Lodge | 2 | |
| Beastiary | 1 | |
| Watch Tower | 6 | |
29 total
» build order
00:13 Altar of Storms
00:15 Altar of Storms
00:24 Orc Burrow
00:46 War Mill
01:12 Barracks
01:47 Orc Burrow
02:11 Barracks
03:00 Voodoo Lounge
03:32 Orc Burrow
05:19 Stronghold
05:45 Orc Burrow
06:11 Great Hall
08:00 Fortress
08:04 Spirit Lodge
08:09 Spirit Lodge
08:59 Orc Burrow
09:46 Orc Burrow
12:15 Orc Burrow
12:26 Beastiary
14:21 War Mill
18:11 Orc Burrow
18:24 Watch Tower
18:31 Watch Tower
18:38 Watch Tower
18:53 Watch Tower
19:03 Watch Tower
19:23 Watch Tower
28:24 Altar of Storms
28:29 War Mill
» items
| Healing Salve | 2 | |
| Scroll of Speed | 2 | |
| Orb of Fire | 1 | |
| Potion of Healing | 1 | |
| Potion of Mana | 1 | |
| Scroll of Town Portal | 1 | |
| Lesser Clarity Potion | 1 | |
9 total

»
chop (
blue | 39 APM | 1709 actions | 43:52)
6 Beastmaster
3 Summon Bear
2 Summon Hawk
1 Stampede
5 Keeper of the Grove
3 Entangling Roots
2 Thorns Aura
4 Priestess of the Moon
2 Scout
2 Trueshot Aura
» actions
| Assign group hotkey | 25 | |
| Basic commands | 190 | |
| Build / train | 75 | |
| Enter build submenu | 16 | |
| Enter hero's abilities submenu | 15 | |
| Give item / drop item | 2 | |
| Remove unit from queue | 2 | |
| Right click | 670 | |
| Select / deselect | 502 | |
| Select group hotkey | 96 | |
| Use ability | 116 | |
1709 total
» units
| Wisp | 13 | |
| Huntress | 5 | |
| Centaur Outrunner | 1 | |
| Dryad | 17 | |
| Druid of the Claw | 4 | |
40 total
» upgrades
| Strength of the Wild | 3 | |
| Reinforced Hides | 3 | |
| Abolish Magic | 1 | |
| Ultravision | 1 | |
| Well Spring | 1 | |
| Druid of the Claw Training | 2 | |
| Mark of the Claw | 1 | |
12 total
» buildings
| Hunter's Hall | 1 | |
| Moon Well | 9 | |
| Altar of Elders | 1 | |
| Ancient of War | 1 | |
| Tree of Ages | 1 | |
| Tree of Eternity | 1 | |
| Ancient of Lore | 2 | |
| Ancient of Wonders | 1 | |
| Scout Tower | 1 | |
| Arcane Tower | 1 | |
19 total
» build order
00:16 Hunter's Hall
00:52 Moon Well
01:22 Altar of Elders
01:52 Moon Well
02:20 Ancient of War
02:46 Moon Well
03:25 Tree of Ages
04:11 Moon Well
05:53 Tree of Eternity
06:54 Ancient of Lore
06:58 Ancient of Lore
08:19 Moon Well
08:20 Moon Well
15:26 Ancient of Wonders
17:13 Moon Well
17:14 Moon Well
25:00 Moon Well
35:49 Scout Tower
36:21 Arcane Tower
Bernsteinhexe (
red | 94 APM | 4137 actions | 43:53)
6 Archmage
3 Summon Water Elemental
2 Brilliance Aura
1 Mass Teleport
» actions
| Assign group hotkey | 58 | |
| Basic commands | 540 | |
| Build / train | 190 | |
| ESC pressed | 5 | |
| Enter build submenu | 90 | |
| Enter hero's abilities submenu | 6 | |
| Right click | 1373 | |
| Select / deselect | 724 | |
| Select group hotkey | 926 | |
| Use ability | 225 | |
4137 total
» units
| Peasant | 31 | |
| Footman | 16 | |
| Goblin Shredder | 3 | |
| Gryphon Rider | 3 | |
| Flying Machine | 4 | |
57 total
» upgrades
| Masonry | 3 | |
| Defend | 1 | |
| Swords | 3 | |
| Lumber Harvesting | 2 | |
| Armor | 3 | |
| Magic Sentry | 1 | |
| Storm Hammers | 1 | |
| Cloud | 1 | |
| Animal War Training | 1 | |
| Sorceress Training | 2 | |
| Long Rifles | 1 | |
| Plating | 3 | |
| Gunpowder | 3 | |
| Flying Machine Bombs | 1 | |
| Flak Cannons | 1 | |
| Barrage | 1 | |
| Fragmentation Shards | 1 | |
| Flare | 1 | |
| Priest Training | 1 | |
31 total
» buildings
| Altar of Kings | 2 | |
| Barracks | 1 | |
| Farm | 12 | |
| Town Hall | 2 | |
| Arcane Vault | 3 | |
| Scout Tower | 43 | |
| Lumber Mill | 1 | |
| Keep | 2 | |
| Arcane Tower | 9 | |
| Blacksmith | 1 | |
| Guard Tower | 62 | |
| Castle | 3 | |
| Gryphon Aviary | 6 | |
| Arcane Sanctum | 1 | |
| Workshop | 6 | |
154 total
» build order
00:04 Altar of Kings
00:08 Barracks
00:09 Altar of Kings
00:16 Farm
00:58 Farm
01:34 Farm
02:01 Farm
03:46 Town Hall
04:03 Arcane Vault
04:16 Farm
04:53 Scout Tower
05:00 Lumber Mill
05:40 Keep
05:59 Arcane Tower
06:11 Scout Tower
06:22 Arcane Vault
06:25 Scout Tower
06:55 Arcane Tower
06:55 Arcane Tower
07:01 Blacksmith
07:04 Scout Tower
07:11 Guard Tower
07:39 Guard Tower
07:49 Scout Tower
08:11 Scout Tower
08:13 Scout Tower
08:26 Scout Tower
08:28 Scout Tower
08:40 Guard Tower
08:40 Guard Tower
08:46 Guard Tower
08:47 Guard Tower
09:11 Guard Tower
09:12 Guard Tower
09:18 Scout Tower
09:19 Scout Tower
09:32 Town Hall
09:34 Scout Tower
09:36 Arcane Vault
09:39 Scout Tower
09:41 Scout Tower
09:57 Guard Tower
09:59 Arcane Tower
10:10 Guard Tower
10:11 Guard Tower
10:12 Scout Tower
10:40 Castle
10:41 Castle
10:41 Castle
10:42 Guard Tower
10:42 Guard Tower
10:44 Scout Tower
10:46 Scout Tower
10:57 Gryphon Aviary
11:00 Gryphon Aviary
11:03 Gryphon Aviary
11:04 Gryphon Aviary
11:14 Guard Tower
11:14 Guard Tower
11:15 Guard Tower
11:18 Scout Tower
11:19 Scout Tower
11:21 Scout Tower
11:27 Scout Tower
12:20 Guard Tower
12:20 Guard Tower
12:24 Scout Tower
12:25 Scout Tower
12:28 Arcane Sanctum
13:56 Guard Tower
13:56 Guard Tower
13:57 Guard Tower
13:58 Scout Tower
14:26 Arcane Tower
14:26 Arcane Tower
14:32 Farm
14:38 Farm
14:46 Scout Tower
14:51 Scout Tower
14:56 Scout Tower
14:58 Scout Tower
15:02 Scout Tower
15:03 Scout Tower
15:03 Scout Tower
15:05 Scout Tower
15:06 Scout Tower
15:22 Guard Tower
15:27 Guard Tower
15:57 Guard Tower
16:17 Gryphon Aviary
16:20 Gryphon Aviary
16:31 Scout Tower
16:36 Farm
16:50 Farm
17:28 Farm
17:46 Scout Tower
17:47 Scout Tower
17:49 Scout Tower
17:50 Scout Tower
17:52 Scout Tower
17:56 Scout Tower
18:00 Scout Tower
18:02 Scout Tower
18:04 Scout Tower
18:12 Guard Tower
18:12 Guard Tower
18:16 Guard Tower
18:16 Guard Tower
18:19 Guard Tower
18:19 Guard Tower
18:21 Guard Tower
18:21 Guard Tower
18:28 Guard Tower
18:41 Guard Tower
18:41 Guard Tower
18:45 Guard Tower
18:45 Guard Tower
18:46 Guard Tower
18:46 Guard Tower
18:47 Guard Tower
18:47 Guard Tower
18:47 Guard Tower
19:03 Guard Tower
19:03 Guard Tower
19:05 Farm
19:08 Workshop
19:13 Workshop
19:16 Workshop
19:19 Workshop
19:25 Workshop
19:30 Workshop
24:13 Farm
» items
| Scroll of Regeneration | 5 | |
| Scroll of Town Portal | 2 | |
| Lesser Clarity Potion | 1 | |
| Potion of Healing | 1 | |
9 total
Chat log
(00:34 / Allies) thecolorofpoop: hh
(00:39 / Allies) chop: hi
(00:46 / Allies) Bernsteinhexe: hej
(00:49 / Allies) Bernsteinhexe: mi amices
(00:55 / Allies) auggist: going griffs
(01:06 / Allies) Bernsteinhexe: I got air
(01:07 / All) ForYourLove: FOOLING AROUND I CAN'T STAND IT
(01:08 / Allies) Bernsteinhexe: you guys go ground
(01:25 / All) ForYourLove: RUNNING AROUND WITH MY HEART
(01:29 / All) ForYourLove: FOOLING AROUND WITH... MY HEART
(01:29 / All) IjerktoRED: I LOVE U
(01:56 / All) chop: I wish I was red
(02:05 / All) Bernsteinhexe: Then become a communist today!
(02:09 / All) IjerktoRED: agreed
(02:48 / All) ForYourLove: Eric Clapton gosu
(02:56 / All) IjerktoRED: hes gay
(06:02 / Allies) chop: green are you taking?
(06:20 / Allies) thecolorofpoop: yes
(06:43 / Allies) thecolorofpoop: waiting for teal to leave
(06:48 / Allies) chop: I killed him
(06:51 / Allies) thecolorofpoop: ok
(08:37 / Allies) thecolorofpoop: take mid?
(11:49 / Allies) thecolorofpoop: spare lumber?
(13:30 / Allies) thecolorofpoop: get sentry
(13:31 / Allies) thecolorofpoop: plz
(14:24 / Allies) chop: help
(14:26 / Allies) chop: come
(15:08 / Allies) chop: tping
(16:24 / Allies) chop: spend your ghold red
(16:39 / Allies) Bernsteinhexe: I will when I have to
(16:51 / Allies) thecolorofpoop: staying under cap
(16:54 / Allies) Bernsteinhexe: yeah
(17:16 / All) Bernsteinhexe: sick expos
(17:18 / All) Bernsteinhexe: 2 at once, ne vs orc
(17:19 / All) Bernsteinhexe: lol
(17:52 / Allies) thecolorofpoop: i say lets move
(17:55 / Allies) thecolorofpoop: but red is stalling
(18:15 / Allies) thecolorofpoop: they gonna send bats soon
(18:26 / Allies) Bernsteinhexe: doubt they have the micro to liquid fire each tower
(19:37 / All) ForYourLove: lawl
(19:47 / All) Bernsteinhexe: big clusterfuck in the middle inc
(20:15 / Allies) chop: trapped
(21:49 / All) thecolorofpoop: too many orc
(21:51 / All) thecolorofpoop: for this map
(22:20 / Allies) thecolorofpoop: the kodo made it
(22:22 / Allies) thecolorofpoop: fyi
(23:15 / All) ForYourLove: looks liek they should ahve fought in my towers
(23:17 / All) ForYourLove: not in middle
(23:27 / All) Bernsteinhexe: is that a standard creeping timing for you?
(24:03 / Allies) thecolorofpoop: roar
(24:13 / Allies) thecolorofpoop: nasty hh
(26:41 / Allies) thecolorofpoop: red?
(26:46 / Allies) Bernsteinhexe: yeah?
(26:51 / Allies) thecolorofpoop: idc y
(26:52 / Allies) thecolorofpoop: idk
(26:59 / Allies) Bernsteinhexe: oh
(27:00 / Allies) Bernsteinhexe: neither do I
(27:14 / Allies) thecolorofpoop: k
(28:38 / Allies) auggist: lil dick red
(28:39 / All) ForYourLove: mass tier 1 and casters is awy too imba
(30:25 / All) thecolorofpoop: lol
(32:15 / Allies) Bernsteinhexe: You two can leave now.
(32:18 / Allies) Bernsteinhexe: Valete!
(32:26 / Allies) thecolorofpoop: ill just sit and watch
(32:35 / Allies) chop: I'm surfing reddit good sir
(32:38 / Allies) chop: but thanks for the permission
(32:53 / Allies) Bernsteinhexe: post this replay on /r/wc3
(32:59 / All) Bernsteinhexe: Blue is a redditor
(33:21 / Allies) Bernsteinhexe: We are uploading this to http://highper.ch
(33:25 / All) Bernsteinhexe: Yeah
(33:32 / Allies) chop: never heard of it
(33:40 / All) ForYourLove: He should be hanged by his toenails on the loftiest tower in New York City
(33:46 / Allies) Bernsteinhexe: You can save it yourself to show it to your Reddit pals if you like
(33:49 / All) chop: Now I only have 9 karma
(33:54 / All) chop: Don't get too uppity about it
(34:10 / All) ForYourLove: reddit is for scrubs and melvins
(34:12 / All) chop: Plus searches take a long time
(34:41 / All) chop: What's a melvin/
(34:59 / All) Bernsteinhexe: a maverick
(35:01 / All) ForYourLove: you are a melvin
(35:33 / All) chop: Is that a good thing?
(35:35 / All) ForYourLove: golden dragons roar lightning
(35:40 / All) ForYourLove: good information to know
(35:43 / All) ForYourLove: no
(36:43 / All) ForYourLove: this is a difficult map to dominate
(36:53 / All) ForYourLove: if not two stabbers
(37:07 / All) ForYourLove: IT's probably better to not even worry about mid expansions
(37:08 / All) Bernsteinhexe: probably one of the easiest with 2 stabbers
(37:10 / All) Bernsteinhexe: if not the easiest
(37:15 / All) ForYourLove: rush to get an inside expansion, tower it like crazy
(37:26 / All) ForYourLove: and try to deny expos
(37:32 / All) Bernsteinhexe: I usually expo rush on every stab, no change there
(37:57 / All) ForYourLove: it's very important to have an inside expansion on this map
(38:14 / All) Bernsteinhexe: yeah
(38:21 / All) Bernsteinhexe: and to take the middle one if you can
(38:27 / All) ForYourLove: Nay don't even bother
(38:34 / All) ForYourLove: just try to deny them expansions
(38:43 / All) Bernsteinhexe: I denied the noob elf expo with 1 hero and a few summons
(38:44 / All) ForYourLove: tjhey are too difficult to hold
(38:52 / All) ForYourLove: they couldn't defend
(38:54 / All) ForYourLove: because of your team
(39:03 / All) ForYourLove: thjey had to huddle in their base
(39:10 / All) chop: I'm going to go get some costco pumpkin pie
(39:10 / All) ForYourLove: they fought in middle not by my towers
(39:11 / All) Bernsteinhexe: stoop kid afraid to leave his stoop
(40:05 / All) ForYourLove: I had a shitton of towers and your team just walked right thru them pretty much
(40:12 / All) ForYourLove: of course my team was retarded and fought in mid not by towers
(40:19 / All) ForYourLove: you have to assume your team is retarded
(40:24 / All) ForYourLove: so don't even try to tower chokes
(40:29 / All) ForYourLove: they pretty much have to walk thru mid
(40:31 / All) Bernsteinhexe: I called it, a big clusterfuck in the middle
(40:34 / All) Bernsteinhexe: always happens in this map
(40:36 / All) ForYourLove: if not they will bypass altogether with mass air
(40:52 / All) Bernsteinhexe: Last building
(40:54 / All) Bernsteinhexe: Any last words?
(40:58 / All) ForYourLove: that's 400 gold for the expansion, 375 for peons
(41:10 / All) ForYourLove: then 12 towers is 1200+ gold and lumber
(41:18 / All) Bernsteinhexe: You there blue, or busy browsing your scat fetish subreddits?
(41:20 / All) ForYourLove: it isn't worth it to try to take it on this map
(41:29 / All) Bernsteinhexe: has more than enough gold to make up for it
(41:32 / All) Bernsteinhexe: I would have to disagree
(41:51 / All) ForYourLove: They WILL attack your expansion
(41:58 / All) ForYourLove: probably before you can get up your towers
(42:03 / All) Bernsteinhexe: Not always
(42:07 / All) Bernsteinhexe: if you can get it it's definitely worth it
(42:09 / All) ForYourLove: The risk isn't worth it
(42:13 / All) Bernsteinhexe: I bring 5 peons as soon as it's being creeped
(42:22 / All) Bernsteinhexe: haven't been denied it once on this map so far
(42:26 / All) Bernsteinhexe: in a stab or otherwise
(42:48 / All) Bernsteinhexe: Any last words, blue?
(42:52 / All) ForYourLove: You probably had lopsided teams in your favor though
(43:05 / All) Bernsteinhexe: not really, most teams are doing the exact same thing
(43:10 / All) ForYourLove: you have to rely on your team on this map I think
(43:11 / All) Bernsteinhexe: expoing
(43:29 / All) chop: you guys are still here?
(43:34 / All) Bernsteinhexe: Any last words for the show?
(43:43 / All) chop: My pie is moist
(43:46 / All) Bernsteinhexe: You are about to be 47-44
(43:47 / All) chop: go for it
(43:50 / All) Bernsteinhexe: Bella ciao, ciao, ciao!